NULL
Full Scoreboard »»

Avalanche vs Capitals

Created - February 26, 2024 at 00:42

Goals
1 2 3 OT1 T
Avalanche 1 0 2 0 3
Capitals 1 0 2 1 4
Shots
1 2 3 OT1 T
Avalanche 8 9 11 0 28
Capitals 10 3 14 2 29

GoalsPenalties
1st period
1. Avalanche , Matthew Tkachuk 26 (Sean Couturier 30) at 8:10 (PP)
2. Capitals , Leon Draisaitl 23 (Alex Iafallo 17) at 16:13
Calvin de Haan (WAS) for Fighting (Major) at 0:15
Jordan Kyrou (COL) for Fighting (Major) at 0:15
Matt Martin (WAS) for Hooking (Minor) at 8:08
Matt Martin (WAS) for Roughing (Minor) at 11:20
2nd period
No Goal
Zach Benson (WAS) for Interference (Minor) at 0:19
Adam Pelech (COL) for Boarding (Minor) at 4:24
Logan O'Connor (COL) for Hooking (Minor) at 8:28
3rd period
3. Capitals , Kiefer Sherwood 3 (Stefan Noesen 4, Nick Holden 7) at 2:04
4. Avalanche , Adam Ruzicka 3 (Matthew Tkachuk 34, Dougie Hamilton 21) at 4:30
5. Avalanche , Teuvo Teravainen 13 (Jordan Kyrou 18, Connor Murphy 8) at 14:57
6. Capitals , Matt Martin 7 (Chad Ruhwedel 11, Joshua Norris 18) at 15:34
Joel Armia (COL) for Tripping (Minor) at 7:35
Overtime #1
7. Capitals , Anthony Cirelli 8 (Alex Iafallo 18, Alex Pietrangelo 16) at 0:42
No Penalty
Goalie Stats
Robin Lehner (COL), 25 saves from 29 shots - (0.862), OTL, 15-15-4, 60:42 minutes
Filip Gustavsson (WAS), 25 saves from 28 shots - (0.893), W, 18-16-4, 60:42 minutes
3 StarsOfficial
1 - Matthew Tkachuk (COL)
2 - Alex Iafallo (WAS)
3 - Kiefer Sherwood (WAS)
Referees : Unknown
Linesman : Unknown
Game Note
Calvin de Haan and Jordan Kyrou fight to a draw at 0:15 of 1st period



Team Name Goals Shots Shots Attemp Shots Blocked PIM HIT PP PK FO%
Avalanche 32840611441 / 3 (33%)039%
Capitals 42958411240 / 3 (0%)161%

Avalanche
Player Name POS G A P +/- PIM HIT SHT SB MP PP MP PP SHT PK MP PK SHT FO% FOT GA TA
Adam PelechD0000231019:091:5701:5400% 000
Adam RuzickaC101002208:230:0000:00017% 611
Andre BurakovskyLW000-1011018:311:5803:07040% 500
Andrew CristallLW000000003:590:0000:0000% 100
Andrew MangiapaneLW/RW000-1014018:042:0203:071100% 101
Connor MurphyD011-1010015:100:0000:0000% 000
Dougie HamiltonD0110040224:292:0302:5200% 011
Drew DoughtyD000-1022025:112:0302:5210% 002
Jani HakanpaaD000-1020116:220:0001:1100% 001
Jaycob MegnaC/LW/RW000-1021115:250:0000:00042% 1201
Joel ArmiaLW/RW000-1234015:410:0000:0000% 000
Jordan KyrouC/LW/RW0110520013:161:5800:00031% 1310
Josh MansonD0000060120:211:5703:0500% 013
Logan O'ConnorLW/RW000021018:140:0000:0000% 000
Matthew TkachukLW1120066025:022:0212:50133% 310
Sean CouturierC0110022018:302:0202:50044% 2500
Sonny MilanoLW/RW000-1033015:180:0000:0000% 010
Teuvo TeravainenC/LW/RW1010032015:001:5800:000100% 110
Capitals
Player Name POS G A P +/- PIM HIT SHT SB MP PP MP PP SHT PK MP PK SHT FO% FOT GA TA
Alex IafalloLW/RW0221025017:342:2000:400100% 210
Alex OvechkinLW/RW0000022018:023:3700:00050% 210
Alex PietrangeloD011-1012124:353:3102:1000% 010
Anthony CirelliC/LW/RW1011002116:270:0301:55061% 2300
Calvin de HaanD0000510015:480:0002:1000% 011
Chad RuhwedelC/LW/RW0111013114:470:0001:4500% 001
David SavardD0000010019:532:2601:5000% 000
Filip ChytilC/LW/RW0000031016:102:2000:0000% 202
Jesper FrodenRW000001009:020:0000:0000% 000
Joshua NorrisC/LW/RW0111021016:232:2001:58064% 1120
Kiefer SherwoodC/LW/RW101003208:360:0000:0000% 000
Leon DraisaitlC/RW1010003018:133:3710:00062% 2610
Matt MartinLW/RW1011431012:500:0000:5100% 000
Nick HoldenD0112001019:202:2600:0000% 001
P.K. SubbanD0000030024:083:3101:5000% 010
Stefan NoesenC/LW/RW0110001010:550:0000:510100% 100
Zach BensonLW0000205018:223:3400:0000% 021
Zach BogosianD0002010116:570:0000:0000% 001

Avalanche

5 vs 5 Forward
Line #Left WingCenterRight WingPHYDFOFWanted %Time %Time Play
1Matthew TkachukSean CouturierAndrew Mangiapane1223027%13:41
2Andre BurakovskyJordan KyrouTeuvo Teravainen1223026%13:02
3Sonny MilanoJaycob MegnaJoel Armia1223030%15:08
4Logan O'ConnorAdam RuzickaMatthew Tkachuk1221016%8:12
5 vs 5 Defense
Line #DefenseDefensePHYDFOFWanted %Time %Time Play
1Drew DoughtyDougie Hamilton1223031%15:41
2Adam PelechJosh Manson1223031%15:19
3Connor MurphyJani Hakanpaa1223030%15:10
4Drew DoughtyDougie Hamilton122108%3:53
Power Play Forward
Line #Left WingCenterRight WingPHYDFOFWanted %Time %Time Play
1Matthew TkachukSean CouturierAndrew Mangiapane1225051%2:02
2Andre BurakovskyJordan KyrouTeuvo Teravainen1225049%1:58
Power Play Defense
Line #DefenseDefensePHYDFOFWanted %Time %Time Play
1Drew DoughtyDougie Hamilton1225051%2:03
2Adam PelechJosh Manson1225049%1:57
Penalty Kill 4 Players Forward
Line #CenterWingPHYDFOFWanted %Time %Time Play
1Matthew TkachukSean Couturier1225048%2:50
2Andre BurakovskyAndrew Mangiapane1225052%3:07
Penalty Kill 4 Players Defense
Line #DefenseDefensePHYDFOFWanted %Time %Time Play
1Drew DoughtyDougie Hamilton1225048%2:52
2Adam PelechJosh Manson1225052%3:05
Penalty Kill 3 Players
Line #WingPHYDFOFWanted %Time %Time PlayDefenseDefensePHYDFOFWanted %Time %Time Play
1Matthew Tkachuk122500%0:00 Drew DoughtyDougie Hamilton122500%0:00
2Sean Couturier122500%0:00 Adam PelechJosh Manson122500%0:00
4 vs 4 Forward
Line #CenterWingPHYDFOFWanted %Time %Time Play
1Matthew TkachukSean Couturier122500%0:00
2Andre BurakovskyAndrew Mangiapane122500%0:00
4 vs 4 Defense
Line #DefensePHYDFOFWanted %Time %Time Play
1Drew DoughtyDougie Hamilton122500%0:00
2Adam PelechJosh Manson122500%0:00
Last Minutes Offensive
Left WingCenterRight WingDefenseDefense
Matthew TkachukSean CouturierAndrew MangiapaneDrew DoughtyDougie Hamilton
Last Minutes Defensive
Left WingCenterRight WingDefenseDefense
Matthew TkachukSean CouturierAndrew MangiapaneDrew DoughtyDougie Hamilton
Time
Total ForwardTotal DefenseLast Minutes OffensiveLast Minutes Defensive
60:00 60:00 0:000:00
Extra Forwards
Normal PowerPlayPenalty Kill
Andrew Cristall, Sonny Milano, Jaycob MegnaAndrew Cristall, Sonny MilanoJaycob Megna
Extra Defensemen
Normal PowerPlayPenalty Kill
Connor Murphy, Jani Hakanpaa, Adam PelechConnor Murphy, Jani HakanpaaAdam Pelech
Penalty Shots
Matthew Tkachuk, Sean Couturier, Andre Burakovsky, Andrew Mangiapane, Jordan Kyrou
Goalie
Robin Lehner, Spencer Knight
Custom OT Lines Forwards
Matthew Tkachuk, Sean Couturier, Andre Burakovsky, Andrew Mangiapane, Jordan Kyrou, Teuvo Teravainen, Sonny Milano, Jaycob Megna, Adam Ruzicka, Joel Armia
Custom OT Lines Defensemen
Drew Doughty, Dougie Hamilton, Adam Pelech, Josh Manson, Connor Murphy
Scratches
Axel Andersson (Healthy), Cole Perfetti (Healthy)

Capitals

5 vs 5 Forward
Line #Left WingCenterRight WingPHYDFOFWanted %Time %Time Play
1Zach BensonAnthony CirelliAlex Ovechkin1223432%15:55
2Alex IafalloLeon DraisaitlFilip Chytil1223228%13:58
3Chad RuhwedelJoshua NorrisMatt Martin1222423%11:45
4Kiefer SherwoodStefan NoesenJesper Froden1221017%8:25
5 vs 5 Defense
Line #DefenseDefensePHYDFOFWanted %Time %Time Play
1Alex PietrangeloP.K. Subban1223435%17:20
2David SavardCalvin de Haan1223332%15:46
3Zach BogosianNick Holden1223332%16:12
4Alex PietrangeloZach Bogosian12201%0:45
Power Play Forward
Line #Left WingCenterRight WingPHYDFOFWanted %Time %Time Play
1Zach BensonLeon DraisaitlAlex Ovechkin1136561%3:37
2Alex IafalloJoshua NorrisFilip Chytil1223539%2:20
Power Play Defense
Line #DefenseDefensePHYDFOFWanted %Time %Time Play
1Alex PietrangeloP.K. Subban1225059%3:31
2Nick HoldenDavid Savard1225041%2:26
Penalty Kill 4 Players Forward
Line #CenterWingPHYDFOFWanted %Time %Time Play
1Anthony CirelliChad Ruhwedel1225047%1:52
2Joshua NorrisMatt Martin1225053%2:08
Penalty Kill 4 Players Defense
Line #DefenseDefensePHYDFOFWanted %Time %Time Play
1P.K. SubbanDavid Savard1225046%1:50
2Calvin de HaanAlex Pietrangelo1225054%2:10
Penalty Kill 3 Players
Line #WingPHYDFOFWanted %Time %Time PlayDefenseDefensePHYDFOFWanted %Time %Time Play
1Leon Draisaitl122500%0:00 Alex PietrangeloCalvin de Haan122500%0:00
2Anthony Cirelli122500%0:00 P.K. SubbanDavid Savard122500%0:00
4 vs 4 Forward
Line #CenterWingPHYDFOFWanted %Time %Time Play
1Leon DraisaitlAlex Ovechkin122500%0:00
2Anthony CirelliAlex Iafallo122500%0:00
4 vs 4 Defense
Line #DefensePHYDFOFWanted %Time %Time Play
1Alex PietrangeloNick Holden122500%0:00
2P.K. SubbanDavid Savard122500%0:00
Last Minutes Offensive
Left WingCenterRight WingDefenseDefense
Zach BensonLeon DraisaitlAlex OvechkinAlex PietrangeloP.K. Subban
Last Minutes Defensive
Left WingCenterRight WingDefenseDefense
Alex IafalloAnthony CirelliLeon DraisaitlAlex PietrangeloP.K. Subban
Time
Total ForwardTotal DefenseLast Minutes OffensiveLast Minutes Defensive
60:00 60:00 0:000:00
Extra Forwards
Normal PowerPlayPenalty Kill
Joshua Norris, Zach Benson, Stefan NoesenZach Benson, Anthony CirelliStefan Noesen
Extra Defensemen
Normal PowerPlayPenalty Kill
Calvin de Haan, Nick Holden, P.K. SubbanCalvin de Haan, Nick HoldenP.K. Subban
Penalty Shots
Zach Benson, Alex Ovechkin, Leon Draisaitl, Filip Chytil, Joshua Norris
Goalie
Filip Gustavsson, Kevin Lankinen
Custom OT Lines Forwards
Leon Draisaitl, Alex Ovechkin, Alex Iafallo, Anthony Cirelli, Joshua Norris, Zach Benson, Filip Chytil, Stefan Noesen, Matt Martin, Chad Ruhwedel
Custom OT Lines Defensemen
Alex Pietrangelo, P.K. Subban, David Savard, Calvin de Haan, Nick Holden
Scratches
Albin Grewe (Healthy), Alex Vlasic (Healthy), Sam Malinski (Healthy)


Play-by-Play

1st period


0:01 of 1st period - Sean Couturier wins face-off versus Anthony Cirelli in neutral zone.
0:10 of 1st period - Snap shot by Andrew Mangiapane.
0:10 of 1st period - Deflect By Matthew Tkachuk.
0:10 of 1st period - Shot Misses the Net.
0:10 of 1st period - Puck is out of play.
0:11 of 1st period - Jordan Kyrou wins face-off versus Leon Draisaitl in Capitals zone.
0:15 of 1st period - Calvin de Haan and Jordan Kyrou fight to a draw.
0:15 of 1st period - Penalty to Calvin de Haan for Fighting.
0:15 of 1st period - Penalty to Jordan Kyrou for Fighting.
0:16 of 1st period - Joshua Norris wins face-off versus Jaycob Megna in Capitals zone.
0:42 of 1st period - Jani Hakanpaa is hit by Filip Chytil and loses puck.
1:04 of 1st period - Teuvo Teravainen is hit by P.K. Subban and loses puck.
1:37 of 1st period - Off-side.
1:38 of 1st period - Sean Couturier wins face-off versus Leon Draisaitl in neutral zone.
1:44 of 1st period - Off-side.
1:45 of 1st period - Sean Couturier wins face-off versus Leon Draisaitl in neutral zone.
1:48 of 1st period - Snap shot by Matthew Tkachuk.
1:48 of 1st period - Deflect By Sean Couturier.
1:48 of 1st period - Stopped by Filip Gustavsson with a rebound.
2:10 of 1st period - Snap shot by Alex Ovechkin.
2:10 of 1st period - Deflect By Zach Benson.
2:10 of 1st period - Shot Blocked by Dougie Hamilton.
2:10 of 1st period - Puck is out of play.
2:11 of 1st period - Jaycob Megna wins face-off versus Anthony Cirelli in Avalanche zone.
2:16 of 1st period - Slapshot by Josh Manson.
2:16 of 1st period - Deflect By Joel Armia.
2:16 of 1st period - Stopped by Filip Gustavsson with a rebound.
2:30 of 1st period - Zach Bogosian is hit by Josh Manson.
2:34 of 1st period - Anthony Cirelli is hit by Josh Manson and loses puck.
2:47 of 1st period - Slapshot by Sonny Milano.
2:47 of 1st period - Shot Blocked by Zach Bogosian.
2:49 of 1st period - Slapshot by Adam Pelech.
2:49 of 1st period - Stopped by Filip Gustavsson without a rebound.
2:50 of 1st period - Joshua Norris wins face-off versus Adam Ruzicka in Capitals zone.
3:01 of 1st period - Snap shot by Joshua Norris.
3:01 of 1st period - Shot Blocked by Dougie Hamilton.
3:15 of 1st period - Alex Iafallo is hit by Teuvo Teravainen and loses puck.
4:22 of 1st period - Snap shot by Matthew Tkachuk.
4:22 of 1st period - Stopped by Filip Gustavsson with a rebound.
4:37 of 1st period - Off-side.
4:38 of 1st period - Leon Draisaitl wins face-off versus Andrew Cristall in neutral zone.
4:41 of 1st period - Wrist shot by Leon Draisaitl.
4:41 of 1st period - Shot Misses the Net.
4:43 of 1st period - Slapshot by Alex Pietrangelo.
4:43 of 1st period - Deflect By Leon Draisaitl.
4:43 of 1st period - Shot Misses the Net.
4:43 of 1st period - Puck is out of play.
4:44 of 1st period - Anthony Cirelli wins face-off versus Sean Couturier in Avalanche zone.
4:51 of 1st period - Wrist shot by Zach Benson.
4:51 of 1st period - Stopped by Robin Lehner without a rebound.
4:52 of 1st period - Anthony Cirelli wins face-off versus Sean Couturier in Avalanche zone.
4:59 of 1st period - Backhand shot by Alex Ovechkin.
4:59 of 1st period - Stopped by Robin Lehner without a rebound.
5:00 of 1st period - Leon Draisaitl wins face-off versus Sean Couturier in Avalanche zone.
5:01 of 1st period - Snap shot by Alex Iafallo.
5:01 of 1st period - Shot Misses the Net.
5:03 of 1st period - Slapshot by Alex Pietrangelo.
5:03 of 1st period - Stopped by Robin Lehner without a rebound.
5:04 of 1st period - Sean Couturier wins face-off versus Filip Chytil in Avalanche zone.
5:55 of 1st period - Icing by Dougie Hamilton.
5:56 of 1st period - Joshua Norris wins face-off versus Jordan Kyrou in Avalanche zone.
5:59 of 1st period - Snap shot by Chad Ruhwedel.
5:59 of 1st period - Shot Misses the Net.
6:02 of 1st period - Icing by Drew Doughty.
6:03 of 1st period - Leon Draisaitl wins face-off versus Jordan Kyrou in Avalanche zone.
6:24 of 1st period - Snap shot by Andre Burakovsky.
6:24 of 1st period - Stopped by Filip Gustavsson without a rebound.
6:25 of 1st period - Joshua Norris wins face-off versus Matthew Tkachuk in Capitals zone.
6:25 of 1st period - Joshua Norris is hit by Adam Ruzicka.
7:20 of 1st period - Leon Draisaitl is hit by Drew Doughty.
7:57 of 1st period - Dougie Hamilton is hit by P.K. Subban and loses puck.
8:08 of 1st period - Minor Penalty to Matt Martin for Hooking.
8:09 of 1st period - Sean Couturier wins face-off versus Anthony Cirelli in Capitals zone.
8:10 of 1st period - Wrist shot by Matthew Tkachuk.
8:10 of 1st period - Goal by Matthew Tkachuk - Avalanche : 1 - Capitals : 0.
8:11 of 1st period - Anthony Cirelli wins face-off versus Sean Couturier in neutral zone.
9:08 of 1st period - Snap shot by Joel Armia.
9:08 of 1st period - Stopped by Filip Gustavsson without a rebound.
9:09 of 1st period - Jordan Kyrou wins face-off versus Anthony Cirelli in Capitals zone.
9:18 of 1st period - Anthony Cirelli is hit by Dougie Hamilton and loses puck.
9:35 of 1st period - Leon Draisaitl is hit by Dougie Hamilton and loses puck.
9:57 of 1st period - Icing by Nick Holden.
9:58 of 1st period - Adam Ruzicka wins face-off versus Joshua Norris in Capitals zone.
9:59 of 1st period - Snap shot by Matthew Tkachuk.
9:59 of 1st period - Stopped by Filip Gustavsson without a rebound.
10:00 of 1st period - Sean Couturier wins face-off versus Anthony Cirelli in Capitals zone.
10:25 of 1st period - Leon Draisaitl is hit by Joel Armia and loses puck.
11:20 of 1st period - Minor Penalty to Matt Martin for Roughing.
11:21 of 1st period - Joshua Norris wins face-off versus Jordan Kyrou in Capitals zone.
11:46 of 1st period - Andrew Mangiapane is hit by Joshua Norris and loses puck.
11:53 of 1st period - Stefan Noesen is hit by Matthew Tkachuk and loses puck.
13:20 of 1st period - Penalty to Matt Martin is over, Matt Martin is back on ice.
13:35 of 1st period - Off-side.
13:36 of 1st period - Stefan Noesen wins face-off versus Jaycob Megna in neutral zone.
14:02 of 1st period - Nick Holden is hit by Matthew Tkachuk and loses puck.
14:28 of 1st period - P.K. Subban is hit by Matthew Tkachuk and loses puck.
14:43 of 1st period - Sonny Milano is hit by Matt Martin.
15:08 of 1st period - David Savard is hit by Josh Manson and loses puck.
15:15 of 1st period - Backhand shot by Alex Pietrangelo.
15:15 of 1st period - Shot Blocked by Josh Manson.
16:01 of 1st period - Snap shot by Joshua Norris.
16:01 of 1st period - Shot Misses the Net.
16:03 of 1st period - Slapshot by Joshua Norris.
16:03 of 1st period - Stopped by Robin Lehner without a rebound.
16:04 of 1st period - Leon Draisaitl wins face-off versus Adam Ruzicka in Avalanche zone.
16:05 of 1st period - Snap shot by Alex Iafallo.
16:05 of 1st period - Stopped by Robin Lehner without a rebound.
16:06 of 1st period - Alex Iafallo wins face-off versus Jordan Kyrou in Avalanche zone.
16:09 of 1st period - Snap shot by Leon Draisaitl.
16:09 of 1st period - Stopped by Robin Lehner without a rebound.
16:10 of 1st period - Leon Draisaitl wins face-off versus Jordan Kyrou in Avalanche zone.
16:11 of 1st period - Snap shot by Alex Iafallo.
16:11 of 1st period - Shot Misses the Net.
16:13 of 1st period - Snap shot by Leon Draisaitl.
16:13 of 1st period - Goal by Leon Draisaitl - Avalanche : 1 - Capitals : 1.
16:14 of 1st period - Anthony Cirelli wins face-off versus Sean Couturier in neutral zone.
16:48 of 1st period - Jordan Kyrou is hit by Alex Iafallo and loses puck.
17:03 of 1st period - Jani Hakanpaa is hit by Joshua Norris and loses puck.
17:12 of 1st period - Wrist shot by Chad Ruhwedel.
17:12 of 1st period - Shot Hit the Post.
17:24 of 1st period - Stefan Noesen is hit by Sean Couturier.
17:32 of 1st period - Snap shot by Kiefer Sherwood.
17:32 of 1st period - Stopped by Robin Lehner with a rebound.
17:34 of 1st period - Snap shot by Kiefer Sherwood.
17:34 of 1st period - Shot Misses the Net.
17:47 of 1st period - Slapshot by Connor Murphy.
17:47 of 1st period - Shot Blocked by Alex Pietrangelo.
18:01 of 1st period - Wrist shot by Alex Iafallo.
18:01 of 1st period - Stopped by Robin Lehner with a rebound.
18:03 of 1st period - Snap shot by Alex Iafallo.
18:03 of 1st period - Stopped by Robin Lehner without a rebound.
18:04 of 1st period - Jaycob Megna wins face-off versus Anthony Cirelli in Avalanche zone.
18:44 of 1st period - Nick Holden is hit by Matthew Tkachuk and loses puck.
18:51 of 1st period - Anthony Cirelli is hit by Matthew Tkachuk and loses puck.
19:05 of 1st period - Off-side.
19:06 of 1st period - Leon Draisaitl wins face-off versus Jordan Kyrou in neutral zone.
19:31 of 1st period - Chad Ruhwedel is hit by Joel Armia.
19:51 of 1st period - Slapshot by Adam Pelech.
19:51 of 1st period - Shot Misses the Net.
19:57 of 1st period - Josh Manson is hit by Kiefer Sherwood and loses puck.
Goals for this period are 1 for Avalanche vs 1 for Capitals.
Shots for this period are 8 for Avalanche vs 10 for Capitals.

2nd period


0:01 of 2nd period - Sean Couturier wins face-off versus Leon Draisaitl in neutral zone.
0:10 of 2nd period - Wrist shot by Andrew Mangiapane.
0:10 of 2nd period - Stopped by Filip Gustavsson without a rebound.
0:11 of 2nd period - Sean Couturier wins face-off versus Anthony Cirelli in Capitals zone.
0:16 of 2nd period - Snap shot by Andrew Mangiapane.
0:16 of 2nd period - Stopped by Filip Gustavsson without a rebound.
0:17 of 2nd period - Anthony Cirelli wins face-off versus Sean Couturier in Capitals zone.
0:19 of 2nd period - Minor Penalty to Zach Benson for Interference.
0:20 of 2nd period - Anthony Cirelli wins face-off versus Sean Couturier in Capitals zone.
0:38 of 2nd period - David Savard is hit by Sean Couturier and loses puck.
0:49 of 2nd period - Slapshot by Andre Burakovsky.
0:49 of 2nd period - Shot Misses the Net.
1:31 of 2nd period - Calvin de Haan is hit by Teuvo Teravainen and loses puck.
2:19 of 2nd period - Penalty to Zach Benson is over, Zach Benson is back on ice.
2:31 of 2nd period - Slapshot by Zach Benson.
2:31 of 2nd period - Shot Misses the Net.
3:03 of 2nd period - Snap shot by Adam Ruzicka.
3:03 of 2nd period - Stopped by Filip Gustavsson with a rebound.
3:35 of 2nd period - Alex Iafallo is hit by Andrew Mangiapane.
3:44 of 2nd period - Off-side.
3:45 of 2nd period - Anthony Cirelli wins face-off versus Jaycob Megna in neutral zone.
3:48 of 2nd period - Snap shot by Anthony Cirelli.
3:48 of 2nd period - Shot Misses the Net.
4:24 of 2nd period - Minor Penalty to Adam Pelech for Boarding.
4:25 of 2nd period - Matthew Tkachuk wins face-off versus Alex Ovechkin in Avalanche zone.
4:34 of 2nd period - Snap shot by Matthew Tkachuk.
4:34 of 2nd period - Stopped by Filip Gustavsson with a rebound.
5:46 of 2nd period - Wrist shot by Leon Draisaitl.
5:46 of 2nd period - Stopped by Robin Lehner without a rebound.
5:47 of 2nd period - Andre Burakovsky wins face-off versus Joshua Norris in Avalanche zone.
6:24 of 2nd period - Penalty to Adam Pelech is over, Adam Pelech is back on ice.
7:05 of 2nd period - Zach Bogosian is hit by Logan O'Connor and loses puck.
8:07 of 2nd period - Icing by Calvin de Haan.
8:08 of 2nd period - Anthony Cirelli wins face-off versus Adam Ruzicka in Capitals zone.
8:08 of 2nd period - Anthony Cirelli is hit by Dougie Hamilton.
8:18 of 2nd period - Wrist shot by Kiefer Sherwood.
8:18 of 2nd period - Shot Misses the Net.
8:20 of 2nd period - Slapshot by Nick Holden.
8:20 of 2nd period - Shot Misses the Net.
8:28 of 2nd period - Minor Penalty to Logan O'Connor for Hooking.
8:29 of 2nd period - Leon Draisaitl wins face-off versus Andre Burakovsky in Avalanche zone.
8:38 of 2nd period - Slapshot by Drew Doughty.
8:38 of 2nd period - Stopped by Filip Gustavsson without a rebound.
8:39 of 2nd period - Andre Burakovsky wins face-off versus Leon Draisaitl in Capitals zone.
8:39 of 2nd period - Andre Burakovsky is hit by Alex Pietrangelo.
8:41 of 2nd period - Wrist shot by Andrew Mangiapane.
8:41 of 2nd period - Stopped by Filip Gustavsson without a rebound.
8:42 of 2nd period - Leon Draisaitl wins face-off versus Matthew Tkachuk in Capitals zone.
8:49 of 2nd period - Matthew Tkachuk is hit by Alex Ovechkin and loses puck.
10:28 of 2nd period - Penalty to Logan O'Connor is over, Logan O'Connor is back on ice.
11:06 of 2nd period - David Savard is hit by Matthew Tkachuk and loses puck.
11:32 of 2nd period - Stefan Noesen is hit by Connor Murphy and loses puck.
12:01 of 2nd period - Alex Iafallo is hit by Josh Manson and loses puck.
12:12 of 2nd period - Alex Iafallo is hit by Adam Pelech.
12:37 of 2nd period - Anthony Cirelli is hit by Jordan Kyrou and loses puck.
13:13 of 2nd period - Slapshot by Drew Doughty.
13:13 of 2nd period - Stopped by Filip Gustavsson with a rebound.
13:36 of 2nd period - Joel Armia is hit by Matt Martin and loses puck.
13:56 of 2nd period - Joel Armia is hit by David Savard and loses puck.
14:11 of 2nd period - Anthony Cirelli is hit by Sonny Milano and loses puck.
14:24 of 2nd period - Slapshot by Andrew Mangiapane.
14:24 of 2nd period - Stopped by Filip Gustavsson with a rebound.
14:26 of 2nd period - Slapshot by Matthew Tkachuk.
14:26 of 2nd period - Stopped by Filip Gustavsson with a rebound.
14:28 of 2nd period - Slapshot by Josh Manson.
14:28 of 2nd period - Shot Misses the Net.
14:30 of 2nd period - Slapshot by Josh Manson.
14:30 of 2nd period - Shot Blocked by Chad Ruhwedel.
14:40 of 2nd period - Joshua Norris is hit by Andre Burakovsky and loses puck.
15:43 of 2nd period - Teuvo Teravainen is hit by Filip Chytil and loses puck.
16:33 of 2nd period - Matthew Tkachuk is hit by Kiefer Sherwood.
16:50 of 2nd period - Adam Pelech is hit by Chad Ruhwedel and loses puck.
17:03 of 2nd period - Alex Iafallo is hit by Sonny Milano and loses puck.
17:10 of 2nd period - Jaycob Megna is hit by Filip Chytil and loses puck.
17:37 of 2nd period - Dougie Hamilton is hit by Kiefer Sherwood and loses puck.
17:46 of 2nd period - Zach Bogosian is hit by Sonny Milano.
18:20 of 2nd period - Andrew Cristall is hit by Calvin de Haan and loses puck.
18:39 of 2nd period - Andre Burakovsky is hit by Alex Ovechkin and loses puck.
18:54 of 2nd period - Wrist shot by Chad Ruhwedel.
18:54 of 2nd period - Shot Misses the Net.
18:56 of 2nd period - Snap shot by Chad Ruhwedel.
18:56 of 2nd period - Stopped by Robin Lehner without a rebound.
18:57 of 2nd period - Jaycob Megna wins face-off versus Joshua Norris in Avalanche zone.
19:02 of 2nd period - Joshua Norris is hit by Dougie Hamilton and loses puck.
19:08 of 2nd period - Off-side.
19:09 of 2nd period - Jordan Kyrou wins face-off versus Filip Chytil in neutral zone.
19:38 of 2nd period - Snap shot by Matthew Tkachuk.
19:38 of 2nd period - Deflect By Sean Couturier.
19:38 of 2nd period - Shot Misses the Net.
19:38 of 2nd period - Puck is out of play.
19:39 of 2nd period - Sean Couturier wins face-off versus Anthony Cirelli in Capitals zone.
19:42 of 2nd period - Snap shot by Andrew Mangiapane.
19:42 of 2nd period - Shot Blocked by Anthony Cirelli.
19:48 of 2nd period - Snap shot by Alex Ovechkin.
19:48 of 2nd period - Stopped by Robin Lehner without a rebound.
19:49 of 2nd period - Leon Draisaitl wins face-off versus Sean Couturier in Avalanche zone.
19:49 of 2nd period - Leon Draisaitl is hit by Drew Doughty.
Goals for this period are 0 for Avalanche vs 0 for Capitals.
Shots for this period are 9 for Avalanche vs 3 for Capitals.

3rd period


0:01 of 3rd period - Andrew Mangiapane wins face-off versus Leon Draisaitl in neutral zone.
0:08 of 3rd period - Snap shot by Matthew Tkachuk.
0:08 of 3rd period - Deflect By Sean Couturier.
0:08 of 3rd period - Stopped by Filip Gustavsson with a rebound.
0:26 of 3rd period - Anthony Cirelli is hit by Josh Manson.
0:32 of 3rd period - Slapshot by Nick Holden.
0:32 of 3rd period - Stopped by Robin Lehner with a rebound.
0:34 of 3rd period - Snap shot by Anthony Cirelli.
0:34 of 3rd period - Shot Misses the Net.
0:36 of 3rd period - Slapshot by Anthony Cirelli.
0:36 of 3rd period - Shot Misses the Net.
0:50 of 3rd period - Snap shot by Sonny Milano.
0:50 of 3rd period - Stopped by Filip Gustavsson with a rebound.
1:11 of 3rd period - Slapshot by Logan O'Connor.
1:11 of 3rd period - Deflect By Matthew Tkachuk.
1:11 of 3rd period - Stopped by Filip Gustavsson without a rebound.
1:12 of 3rd period - Alex Iafallo wins face-off versus Adam Ruzicka in Capitals zone.
2:02 of 3rd period - Slapshot by Kiefer Sherwood.
2:02 of 3rd period - Shot Misses the Net.
2:04 of 3rd period - Slapshot by Kiefer Sherwood.
2:04 of 3rd period - Goal by Kiefer Sherwood - Avalanche : 1 - Capitals : 2.
2:05 of 3rd period - Teuvo Teravainen wins face-off versus Leon Draisaitl in neutral zone.
2:14 of 3rd period - Slapshot by Teuvo Teravainen.
2:14 of 3rd period - Stopped by Filip Gustavsson with a rebound.
2:16 of 3rd period - Slapshot by Teuvo Teravainen.
2:16 of 3rd period - Shot Misses the Net.
2:32 of 3rd period - Icing by Alex Iafallo.
2:33 of 3rd period - Leon Draisaitl wins face-off versus Jaycob Megna in Capitals zone.
2:48 of 3rd period - Slapshot by Joel Armia.
2:48 of 3rd period - Deflect By Jaycob Megna.
2:48 of 3rd period - Stopped by Filip Gustavsson with a rebound.
3:38 of 3rd period - Snap shot by Joshua Norris.
3:38 of 3rd period - Deflect By Stefan Noesen.
3:38 of 3rd period - Stopped by Robin Lehner with a rebound.
3:46 of 3rd period - Slapshot by David Savard.
3:46 of 3rd period - Shot Misses the Net.
3:58 of 3rd period - Snap shot by Anthony Cirelli.
3:58 of 3rd period - Stopped by Robin Lehner without a rebound.
3:59 of 3rd period - Anthony Cirelli wins face-off versus Adam Ruzicka in Avalanche zone.
4:12 of 3rd period - Slapshot by Anthony Cirelli.
4:12 of 3rd period - Shot Blocked by Logan O'Connor.
4:30 of 3rd period - Wrist shot by Adam Ruzicka.
4:30 of 3rd period - Goal by Adam Ruzicka - Avalanche : 2 - Capitals : 2.
4:31 of 3rd period - Anthony Cirelli wins face-off versus Sean Couturier in neutral zone.
4:34 of 3rd period - Snap shot by Zach Benson.
4:34 of 3rd period - Deflect By Alex Ovechkin.
4:34 of 3rd period - Shot Misses the Net.
4:34 of 3rd period - Puck is out of play.
4:35 of 3rd period - Anthony Cirelli wins face-off versus Sean Couturier in Avalanche zone.
4:36 of 3rd period - Snap shot by Zach Benson.
4:36 of 3rd period - Stopped by Robin Lehner without a rebound.
4:37 of 3rd period - Anthony Cirelli wins face-off versus Sean Couturier in Avalanche zone.
4:38 of 3rd period - Snap shot by Zach Benson.
4:38 of 3rd period - Shot Misses the Net.
5:03 of 3rd period - Wrist shot by Zach Benson.
5:03 of 3rd period - Stopped by Robin Lehner with a rebound.
5:38 of 3rd period - Off-side.
5:39 of 3rd period - Jordan Kyrou wins face-off versus Leon Draisaitl in neutral zone.
5:42 of 3rd period - Alex Iafallo is hit by Jordan Kyrou and loses puck.
6:36 of 3rd period - Snap shot by Alex Iafallo.
6:36 of 3rd period - Shot Blocked by Jani Hakanpaa.
7:04 of 3rd period - Adam Ruzicka is hit by Zach Bogosian and loses puck.
7:29 of 3rd period - Snap shot by Sonny Milano.
7:29 of 3rd period - Stopped by Filip Gustavsson without a rebound.
7:30 of 3rd period - Leon Draisaitl wins face-off versus Jaycob Megna in Capitals zone.
7:30 of 3rd period - Leon Draisaitl is hit by Jaycob Megna.
7:35 of 3rd period - Minor Penalty to Joel Armia for Tripping.
7:36 of 3rd period - Leon Draisaitl wins face-off versus Andre Burakovsky in Avalanche zone.
8:22 of 3rd period - Matthew Tkachuk is hit by P.K. Subban and loses puck.
8:34 of 3rd period - Icing by P.K. Subban.
8:35 of 3rd period - Joshua Norris wins face-off versus Andre Burakovsky in Capitals zone.
8:35 of 3rd period - Joshua Norris is hit by Josh Manson.
8:59 of 3rd period - Nick Holden is hit by Adam Pelech.
9:35 of 3rd period - Penalty to Joel Armia is over, Joel Armia is back on ice.
10:44 of 3rd period - Off-side.
10:45 of 3rd period - Jaycob Megna wins face-off versus Anthony Cirelli in neutral zone.
11:06 of 3rd period - Teuvo Teravainen is hit by Matt Martin.
11:10 of 3rd period - Joshua Norris is hit by Adam Pelech and loses puck.
11:29 of 3rd period - Snap shot by Alex Iafallo.
11:29 of 3rd period - Shot Misses the Net.
11:31 of 3rd period - Backhand shot by Filip Chytil.
11:31 of 3rd period - Stopped by Robin Lehner without a rebound.
11:32 of 3rd period - Leon Draisaitl wins face-off versus Jaycob Megna in Avalanche zone.
11:41 of 3rd period - Wrist shot by Alex Iafallo.
11:41 of 3rd period - Shot Misses the Net.
11:43 of 3rd period - Snap shot by Alex Iafallo.
11:43 of 3rd period - Stopped by Robin Lehner without a rebound.
11:44 of 3rd period - Anthony Cirelli wins face-off versus Sean Couturier in Avalanche zone.
11:55 of 3rd period - Wrist shot by Zach Benson.
11:55 of 3rd period - Stopped by Robin Lehner with a rebound.
12:11 of 3rd period - Alex Pietrangelo is hit by Teuvo Teravainen.
12:31 of 3rd period - Snap shot by Chad Ruhwedel.
12:31 of 3rd period - Stopped by Robin Lehner with a rebound.
13:10 of 3rd period - Off-side.
13:11 of 3rd period - Anthony Cirelli wins face-off versus Jordan Kyrou in neutral zone.
13:13 of 3rd period - Off-side.
13:14 of 3rd period - Leon Draisaitl wins face-off versus Jordan Kyrou in neutral zone.
13:31 of 3rd period - Josh Manson is hit by Alex Iafallo and loses puck.
14:39 of 3rd period - Kiefer Sherwood is hit by Jani Hakanpaa and loses puck.
14:57 of 3rd period - Wrist shot by Teuvo Teravainen.
14:57 of 3rd period - Goal by Teuvo Teravainen - Avalanche : 3 - Capitals : 2.
14:58 of 3rd period - Sean Couturier wins face-off versus Leon Draisaitl in neutral zone.
15:32 of 3rd period - Snap shot by Joshua Norris.
15:32 of 3rd period - Deflect By Chad Ruhwedel.
15:32 of 3rd period - Stopped by Robin Lehner with a rebound.
15:34 of 3rd period - Wrist shot by Matt Martin.
15:34 of 3rd period - Goal by Matt Martin - Avalanche : 3 - Capitals : 3.
15:35 of 3rd period - Jaycob Megna wins face-off versus Joshua Norris in neutral zone.
15:39 of 3rd period - Off-side.
15:40 of 3rd period - Joshua Norris wins face-off versus Jaycob Megna in neutral zone.
15:51 of 3rd period - Wrist shot by Alex Pietrangelo.
15:51 of 3rd period - Shot Misses the Net.
16:01 of 3rd period - Alex Pietrangelo is hit by Joel Armia.
16:11 of 3rd period - Slapshot by Alex Pietrangelo.
16:11 of 3rd period - Stopped by Robin Lehner with a rebound.
16:19 of 3rd period - P.K. Subban is hit by Jaycob Megna and loses puck.
16:24 of 3rd period - Snap shot by Drew Doughty.
16:24 of 3rd period - Deflect By Joel Armia.
16:24 of 3rd period - Stopped by Filip Gustavsson with a rebound.
16:26 of 3rd period - Slapshot by Sonny Milano.
16:26 of 3rd period - Shot Misses the Net.
16:28 of 3rd period - Wrist shot by Joel Armia.
16:28 of 3rd period - Stopped by Filip Gustavsson with a rebound.
16:54 of 3rd period - Snap shot by Joshua Norris.
16:54 of 3rd period - Shot Blocked by Jaycob Megna.
17:18 of 3rd period - Slapshot by Sonny Milano.
17:18 of 3rd period - Stopped by Filip Gustavsson without a rebound.
17:19 of 3rd period - Alex Ovechkin wins face-off versus Sean Couturier in Capitals zone.
17:23 of 3rd period - Anthony Cirelli is hit by Jani Hakanpaa and loses puck.
17:32 of 3rd period - Wrist shot by Anthony Cirelli.
17:32 of 3rd period - Shot Misses the Net.
17:34 of 3rd period - Snap shot by Zach Benson.
17:34 of 3rd period - Stopped by Robin Lehner without a rebound.
17:35 of 3rd period - Leon Draisaitl wins face-off versus Jordan Kyrou in Avalanche zone.
19:25 of 3rd period - Andrew Mangiapane is hit by Jesper Froden and loses puck.
19:36 of 3rd period - Stefan Noesen is hit by Adam Ruzicka and loses puck.
Goals for this period are 2 for Avalanche vs 2 for Capitals.
Shots for this period are 11 for Avalanche vs 14 for Capitals.

Overtime #1


0:01 of 1st overtime period - Leon Draisaitl wins face-off versus Sean Couturier in neutral zone.
0:08 of 1st overtime period - Slapshot by Sean Couturier.
0:08 of 1st overtime period - Shot Misses the Net.
0:16 of 1st overtime period - Snap shot by Alex Iafallo.
0:16 of 1st overtime period - Stopped by Robin Lehner without a rebound.
0:17 of 1st overtime period - Sean Couturier wins face-off versus Leon Draisaitl in Avalanche zone.
0:42 of 1st overtime period - Slapshot by Anthony Cirelli.
0:42 of 1st overtime period - Goal by Anthony Cirelli - Avalanche : 3 - Capitals : 4.
Goals for this period are 0 for Avalanche vs 1 for Capitals.
Shots for this period are 0 for Avalanche vs 2 for Capitals.